 Dungeon Crawl Stone Soup version 0.32-a0-975-g85d4e5bfdb (webtiles) character file.

Game seed: 5997641294056223790

547988 MrSquiggles the Devastator (level 27, -3/168 HPs)
             Began as a Gargoyle Fighter on Apr 19, 2024.
             Was a High Priest of the Shining One.
             Slain by an angel
             ... wielding a +3 whip of holy wrath
             ... summoned by a seraph
              (6 damage)
             ... in Pandemonium.
             The game lasted 04:09:07 (58318 turns).

MrSquiggles the Devastator (Gargoyle Fighter)      Turns: 58318, Time: 04:09:08

Health: -3/168     AC: 50    Str: 27 (28) XL:     27
Magic:  36/38      EV: 20    Int: 19      God:    the Shining One [*****.]
Gold:   3918       SH: 19    Dex: 21 (22) Spells: 5/48 levels left

rFire   + + +        U - +9 eudemon blade (holy)
rCold   + + +        K - +5 kite shield {rPois}
rNeg    + + +        G - quicksilver dragon scales
rPois   ∞            n - +0 hat "Idoituff" {rF++}
rElec   +            w - +1 cloak of the Invisible Hand {rF- Dex+9}
rCorr   +            l - +3 pair of gauntlets of War {Slay+5}
SInv    +            J - +2 pair of boots
Will    ++++.        F - amulet of Vitality {Regen++ RegenMP++}
Stlth   +            x - ring of Nuock {rF+ rC++ AC+4 Int+3}
HPRegen 2.08/turn    g - ring "Xixaev" {Will+ Str+7 SInv}
MPRegen 1.06/turn

%: no passive effects
@: resistant, on berserk cooldown, flying, slowed, glowing, studying Long
Blades, very slow
A: sickness immunity, AC +20, big wings, negative energy resistance 1,
electricity resistance, torment resistance 1, petrification resistance,
deterioration 1, dopey 1, evolution 2, inability to read after injury 1
}: 1/15 runes: demonic
a: Renounce Religion, Divine Shield, Cleansing Flame, Summon Divine Warrior


You were in Pandemonium.
You worshipped the Shining One.
The Shining One was extremely pleased with you.
You visited 7 branches of the dungeon, and saw 31 of its levels.
You visited Pandemonium 1 time, and saw 5 of its levels.
You visited the Abyss 2 times.
You visited 1 bazaar.
You visited 1 ziggurat, and saw 11 of its levels.
You also visited: Sewer, Bailey, Gauntlet, Volcano, Wizlab and Desolation.

You collected 5328 gold pieces.
You spent 1410 gold pieces at shops.

Inventory:

Hand Weapons
 D - a +3 eudemon blade of holy wrath
 T - a +3 sacred scourge of holy wrath
 U - a +9 eudemon blade of holy wrath (weapon)
Missiles
 s - 7 silver javelins
 I - 33 poisoned darts (quivered)
 N - 4 throwing nets
 V - 2 curare-tipped darts
Armour
 l - the +3 pair of gauntlets of War (worn) {Slay+5}
   (You found it in a Gauntlet)

   Slay+5:    It affects your accuracy & damage with ranged weapons and melee
   (+5).
 n - the +0 hat "Idoituff" (worn) {rF++}
   (You found it in a Gauntlet)

   rF++:      It greatly protects you from fire.
 o - a +1 tower shield of protection
 r - +0 pearl dragon scales
 w - the +1 cloak of the Invisible Hand (worn) {rF- Dex+9}
   (You found it in a bailey)

   Dex+9:     It affects your dexterity (+9).
   rF-:       It makes you vulnerable to fire.
 G - quicksilver dragon scales (worn)
 J - a +2 pair of boots (worn)
 K - a +5 kite shield of poison resistance (worn)
Jewellery
 c - a +5 ring of evasion
 g - the ring "Xixaev" (right hand) {Will+ Str+7 SInv}
   (You took it off a deep elf sorcerer on level 3 of the Elven Halls)

   [ring of see invisible]

   Str+7:     It affects your strength (+7).
   Will+:     It increases your willpower.
   SInv:      It lets you see invisible.
 u - a +5 ring of evasion
 x - the ring of Nuock (left hand) {rF+ rC++ AC+4 Int+3}
   (You took it off a deep elf annihilator on level 3 of the Elven Halls)

   [ring of protection]

   AC+4:      It affects your AC (+4).
   Int+3:     It affects your intelligence (+3).
   rF+:       It protects you from fire.
   rC++:      It greatly protects you from cold.
 F - the amulet of Vitality (around neck) {Regen++ RegenMP++}
   (You found it on level 13 of the Dungeon)

   [amulet of nothing]

   Regen++:   It increases your rate of health regeneration.
   RegenMP++: It increases your rate of magic regeneration.
Wands
 b - a wand of light (10)
 i - a wand of digging (24)
 p - a wand of flame (81)
 y - a wand of polymorph (2)
 A - a wand of mindburst (51)
 E - a wand of warping (38)
 O - a wand of paralysis (46)
Scrolls
 d - 3 scrolls of fear
 f - 4 scrolls of immolation
 h - 15 scrolls of teleportation
 j - 7 scrolls of fog
 k - a scroll of revelation
 q - 4 scrolls of poison
 B - 2 scrolls of enchant weapon
 M - 5 scrolls of vulnerability
 W - 4 scrolls of silence
 Y - 4 scrolls of butterflies
Potions
 a - 3 potions of cancellation
 e - 15 potions of curing
 t - 8 potions of attraction
 v - 3 potions of heal wounds
 z - 4 potions of magic
 C - 3 potions of mutation
 P - 4 potions of ambrosia
 Q - a potion of might
 S - 8 potions of lignification
 Z - 5 potions of brilliance
Miscellaneous
 m - a lightning rod (4/4)
 R - a phial of floods


   Skills:
 + Level 16.2 Fighting
 - Level 14.0 Long Blades
 - Level 15.0 Armour
 - Level 13.8 Dodging
 - Level 15.0 Shields
 + Level 11.0 Spellcasting
 - Level 20.0 Conjurations
 - Level 15.0 Summonings
 - Level 6.0 Translocations
 - Level 13.4 Earth Magic
 - Level 4.0 Alchemy
 - Level 18.0 Invocations


You had 5 spell levels left.
You knew the following spells:

 Your Spells              Type           Power      Damage    Failure   Level
a - Blink                 Tloc           66%        N/A       1%          2
b - Lesser Beckoning      Tloc           66%        N/A       1%          2
c - Sandblast             Erth           100%       2d20      1%          1
d - Passwall              Erth           57%        N/A       1%          3
e - Orb of Destruction    Conj           36%        9d11      2%          7
f - Lee's Rapid Deconstr  Erth           28%        3d15*     1%          5
h - Leda's Liquefaction   Alch/Erth      21%        N/A       3%          4
i - Apportation           Tloc           66%        N/A       1%          1
j - Animate Armour        Summ/Erth      100%       N/A       1%          4
k - Mercury Vapours       Alch/Air       36%        N/A       9%          2
l - Irradiate             Conj/Alch      27%        3d20      2%          5
m - Spellforged Servitor  Conj/Summ      33%        N/A       8%          7

Your spell library contained the following spells:

 Spells                   Type           Power      Damage    Failure   Level
 Magic Dart               Conj           100%       1d8       0%          1
 Searing Ray              Conj           100%       2d8       0%          2
 Foxfire                  Conj/Fire      100%       2x1d9     1%          1
 Shock                    Conj/Air       100%       1d9       1%          1
 Sting                    Conj/Alch      100%       1d9       1%          1
 Summon Small Mammal      Summ           100%       N/A       1%          1
 Call Imp                 Summ           100%       N/A       1%          2
 Momentum Strike          Conj/Tloc      100%       3d10      1%          2
 Dazzling Flash           Conj/Hex       96%        N/A       1%          3
 Hailstorm                Conj/Ice       48%        3d10      1%          3
 Mephitic Cloud           Conj/Alch/Air  40%        N/A       1%          3
 Stone Arrow              Conj/Erth      100%       3d13      1%          3
 Flame Wave               Conj/Fire      48%        2d12      1%          4
 Fulminant Prism          Conj/Alch      27%        3d14      1%          4
 Iskenderun's Mystic Bla  Conj/Tloc      56%        2d12      (+2d61%     4
 Iskenderun's Battlesphe  Conj           72%        2d12      1%          5
 Petrify                  Alch/Erth      43%        N/A       3%          4
 Summon Forest            Summ/Tloc      25%        N/A       4%          5
 Martyr's Knell           Necr/Summ      38%        N/A       5%          4
 Summon Blazeheart Golem  Fire/Summ      38%        N/A       5%          4
 Arcjolt                  Conj/Air       24%        1d34      5%          5
 Volatile Blastmotes      Fire/Tloc      42%        2d13      11%         3
 Passage of Golubria      Tloc           33%        N/A       11%         4
 Freeze                   Ice            40%        1d6       12%         1
 Necrotise                Necr           40%        1d6       12%         1
 Slow                     Hex            40%        N/A       12%         1
 Ensorcelled Hibernation  Hex/Ice        20%        N/A       19%         2
 Jinxbite                 Hex            20%        N/A       19%         2
 Scorch                   Fire           20%        2d5       19%         2
 Borgnjor's Vile Clutch   Necr/Erth      18%        N/A       22%         5
 Freezing Cloud           Conj/Ice/Air   17%        6-21      22%         5
 Olgreb's Toxic Radiance  Alch           25%        N/A       24%         4
 Dimensional Bullseye     Hex/Tloc       10%        N/A       34%         4
 Vhi's Electric Charge    Tloc/Air       42%        N/A       34%         4
 Confusing Touch          Hex            10%        N/A       36%         3
 Frozen Ramparts          Ice            20%        1d4       36%         3
 Fugue of the Fallen      Necr           10%        N/A       36%         3
 Inner Flame              Hex/Fire       10%        N/A       36%         3
 Ozocubu's Armour         Ice            10%        N/A       36%         3
 Swiftness                Air            10%        N/A       36%         3
 Tukima's Dance           Hex            10%        N/A       36%         3
 Vampiric Draining        Necr           10%        2d6       36%         3
 Sticky Flame             Fire/Alch      18%        2d6       47%         4
 Alistair's Intoxication  Alch           16%        N/A       54%         5
 Airstrike                Air            5%         2d(1-17)  77%         4
 Yara's Violent Unravell  Hex/Alch       9%         3d6       83%         5
 Metabolic Englaciation   Hex/Ice        5%         N/A       98%         5
 Silence                  Hex/Air        5%         N/A       98%         5
 Summon Hydra             Summ           30%        N/A       22%         7
 Conjure Ball Lightning   Conj/Air       24%        3x3d7     30%         6
 Starburst                Conj/Fire      24%        6d8       30%         6
 Lehudib's Crystal Spear  Conj/Erth      32%        10d8      65%         8
 Permafrost Eruption      Ice/Erth       18%        2x4d5     77%         6
 Dispersal                Tloc           16%        N/A       85%         6
 Gell's Gavotte           Tloc           16%        2d(18-27) 85%         6
 Eringya's Noxious Bog    Alch           12%        4d6       98%         6
 Haunt                    Necr/Summ      19%        N/A       99%         7
 Fulsome Fusillade        Conj/Alch      27%        (3-5)d10  99%         8
 Plasma Beam              Fire/Air       5%         2x1d15    100%        6
 Sculpt Simulacrum        Ice/Alch       9%         N/A       100%        6
 Manifold Assault         Tloc           16%        N/A       100%        7
 Ozocubu's Refrigeration  Ice            5%         4d8       100%        7
 Discord                  Hex            5%         N/A       100%        8
 Disjunction              Tloc           16%        N/A       100%        8
 Ignition                 Fire           5%         3d4       100%        8
 Polar Vortex             Ice            5%         N/A       100%        9
 Sublimation of Blood     Necr           Unusable   N/A       N/A         2

Dungeon Overview and Level Annotations

Branches:
Dungeon (15/15)            Temple (1/1) D:5            Lair (5/5) D:11
  Swamp (0/4) Lair:3        Snake (0/4) Lair:3        Slime (0/5) Lair:4
    Orc (2/2) D:9             Elf (3/3) Orc:2        Vaults (0/5) D:13
 Depths (4/4) D:15           Hell (visited)             Dis (0/7) Hell
    Geh (0/7) Hell            Coc (0/7) Hell            Tar (0/7) Hell
    Zot (0/5) Depths:4      Sewer (visited)          Bailey (visited)
Volcano (visited)          WizLab (visited)         Desolation (visited)
Gauntlet (visited)

Altars:
Ashenzari
Cheibriados
Dithmenos
Elyvilon
Fedhas
Gozag
Hepliaklqana
Kikubaaqudgha
Makhleb
Nemelex Xobeh
Okawaru
Qazlal
Ru
Sif Muna
Trog
Uskayaw
Vehumet
Wu Jian
Xom
Yredelemnul
Zin
The Shining One
Beogh

Shops:
D:3 ?   D:7 (   D:11 [   D:12 *   Orc:2 *[(=   Elf:2 =::   Depths:1 !*=

Portals:
Hell: Depths:1 Depths:2 Depths:3 Depths:4
Abyss: Depths:1 Depths:3
Pandemonium: Depths:1 Depths:2

Annotations:
D:13 exclusion: downstairs
Lair:3 exclusion: 2 downstairs
Lair:4 exclusion: downstairs


Innate Abilities, Weirdness & Mutations

You are immune to sickness and miasma.
Your stone body is resilient. (AC +20)
You are immune to poison.
Your large and strong wings let you fly.
You resist negative energy. (rN+)
You are resistant to electric shocks. (rElec)
You are resistant to unholy torment.
You are immune to petrification.
Your body sometimes deteriorates upon taking damage.
You are dopey. (Int -2)
You have great hidden genetic potential.
You occasionally lose the ability to read scrolls when taking damage.


Message History

The golden flame engulfs the ophan.
The ophan completely resists.
The golden flame engulfs the angel but does no damage.
The golden flame engulfs you but does no damage.
You resist.
The golden flame engulfs the angel.
The angel completely resists.
The golden flame engulfs the angel.
The angel completely resists.
The golden flame engulfs the angel.
The angel completely resists.
The angel misses you.
The angel hits you but does no damage. x2
The angel barely misses you.
The ophan calls forth blessed flames!
Blessed fire suddenly surrounds you!
The seraph shouts!
The seraph hits you but does no damage. The seraph misses you.
The angel hits you with a +3 sacred scourge of holy wrath.
* * * LOW HITPOINT WARNING * * *
The angel hits you with a +3 sacred scourge of holy wrath.
* * * LOW HITPOINT WARNING * * *
The angel misses you. x2
The ophan turns its gaze towards you.
Okay, then.
Unknown command.
You feel much better.
The angel no longer looks unusually strong.
You block the angel's attack. x3; The angel barely misses you.
The angel hits you but does no damage. x2
The angel hits you with a +2 whip of holy wrath.
The angel barely misses you.
The angel hits you with a +3 whip of holy wrath. x2
* * * LOW HITPOINT WARNING * * *
The cherub sings a powerful hymn!
The angels go into a battle-frenzy!
The seraph completely misses you.
The seraph hits you with a +6 great sword of flaming!
* * * LOW HITPOINT WARNING * * *
The angel hits you with a +3 sacred scourge of holy wrath!!
* * * LOW HITPOINT WARNING * * *
Your body deteriorates!
You feel weakened.
The angel hits you but does no damage. x3; The angel barely misses you.
The angel hits you but does no damage.
The angel hits you with a +3 whip of holy wrath.
You die...

§.§...............##..##........#
§§§ß.....ß........##..##.........
..................##..##.........
################..##..##.....#...
ß*ß*ß*ß#ß#ß#ß#*#..##..##...####..
~~~~~~~≈≈≈≈≈≈≈*#§§##..##....# ##.
,,,,,,,......≈ß#..##..##....####.
,,,,,,,)....AA##AA##..##.....##..
,,,,,,,....AGGGA@.##..##.........
,,,,,,ß......A##AA##..##.........
,,,,*,,.#....≈ß#≈≈##..##.........
,,,,*,,,#....≈*#####..##........#
,,,**,_,##...≈ß#.?.#..##......###
~~****,**##≈≈≈*#.[.#..##.....##
******,***####*#'###..##.....#
,,,,,,,,,,,,,~*#......##....##
,,,,,,,,,,,,,~*#.≈≈≈..##....#


You could see a seraph (strong), 5 angels, 3 ophanim and 3 cherubim.

Vanquished Creatures
  3 ancient liches
  The ghost of Ygearrag the Slayer, a veteran DrBe of Jiyva (Depths:1)
  A Killer Klown (Zig:6)
  Saint Roka (Elf:3)
  Geryon (Hell)
  2 pandemonium lords (Pan)
  Nikola (Elf:1)
  the Enchantress (Depths:3)
  2 pearl dragons (Pan)
  4 doom hounds (Hell)
  A hellephant (Abyss:3)
  5 Tzitzimimeh
  2 tentacled monstrosities
  A Hell Sentinel (Zig:3)
  3 liches
  Zenata (Elf:1)
  2 deep elf blademasters (Elf:3)
  2 walking earthen tomes
  A walking crystal tome (WizLab)
  4 walking frostbound tomes
  2 deep elf master archers (Elf:3)
  An ancient champion (Zig:3)
  A sphinx (Depths:3)
  4 Executioners
  4 tentacled starspawn (Abyss:5)
  10 daevas (Pan)
  A revenant (Zig:9)
  2 strange machines (WizLab)
  Agnes (Elf:1)
  4 storm dragons
  2 demonspawn warmongers (Pan)
  A shadow dragon (Depths:4)
  2 narguns (Zig:7)
  7 frost giants
  4 fire giants
  The ghost of Atupnera the Unseen, an adept OpDe of Gozag (Elf:1)
  7 deep elf sorcerers
  An imperial myrmidon (Desolation)
  A cacodemon (Abyss:5)
  8 balrugs
  A curse skull (Zig:9)
  3 iron dragons
  3 deep elf elementalists (Elf:3)
  11 reapers
  3 demonspawn blood saints (Pan)
  2 demonspawn corrupters (Pan)
  7 spriggan defenders
  14 angels (Pan)
  11 very ugly things
  3 eleionomae
  7 stone giants
  7 ophanim (Pan)
  3 vampire knights
  10 lorocyprocas
  6 deep elf demonologists
  2 demonspawn black suns (Pan)
  3 green draconians (Depths:4)
  16 apis (Pan)
  A wendigo (Zig:7)
  The ghost of Posi the Basher, a journeyman GnCA of Okawaru (Lair:5)
  7 deep elf annihilators (Elf:3)
  7 deep elf death magi
  2 red draconians
  Azrael (D:13)
  10 spark wasps
  2 purple draconians (Depths:4)
  A dire elephant (shapeshifter) (Zig:6)
  A bunyip (Zig:10)
  2 minotaurs
  A merfolk javelineer (Abyss:5)
  3 green deaths (Pan)
  A crystal guardian (Desolation)
  6 fire dragons
  2 jiangshi (Depths:1)
  12 blizzard demons
  2 entropy weavers (Abyss:5)
  A deep elf high priest (Elf:3)
  2 eidola
  6 ettins
  A yaktaur captain (Zig:5)
  The ghost of inkslinger the Carver, a journeyman GnRe of Hepliaklqana (D:12)
  3 hydras
  5 ragged hierophants (Desolation)
  8 rakshasas
  3 servants of whispers (Desolation)
  10 peacekeepers (Desolation)
  2 vault guards (D:13)
  6 spriggan air magi
  A merfolk avatar (Lair:5)
  A juggernaut simulacrum (Abyss:5)
  2 catoblepae
  A caustic shrike simulacrum (Zig:7)
  2 alligators
  3 hell beasts
  A death knight (D:15)
  Erica (D:11)
  5 centaur warriors
  7 ice dragons
  An ogre mage (Orc:2)
  23 dancing weapons
  4 two-headed ogres
  A hell hog (Hell)
  4 boulder beetles
  5 deep troll shamans
  6 deep troll earth magi
  4 tengu warriors (D:14)
  7 thrashing horrors (Abyss:5)
  14 demonic crawlers (Pan)
  3 vampire magi
  5 spriggan berserkers
  An occultist (Abyss:5)
  4 orc high priests
  12 soul eaters
  A titan zombie (Hell)
  7 death yaks
  A crystal echidna (Zig:3)
  7 hell knights
  2 skysharks
  9 wretched stars
  27 sun demons
  13 skeletal warriors
  Nergalle (D:12)
  5 sixfirhies
  12 deep trolls
  15 deep elf knights
  3 iron trolls
  A sea snake (Lair:5)
  5 cherubim (Pan)
  A bunyip zombie (Hell)
  2 anaconda zombies (Hell)
  A tengu zombie (Depths:3)
  8 deep elf archers
  A swamp dragon (Zig:8)
  6 glowing orange brains
  A shadow demon (Pan)
  An iron giant skeleton (Abyss:5)
  A flayed ghost (Zig:9)
  3 ironbound convokers
  An orange crystal statue (Zig:9)
  4 arcanists (D:13)
  An obsidian statue (Zig:9)
  2 anaconda skeletons (Hell)
  3 orc knights
  3 harpies (Lair:5)
  28 deep elf zephyrmancers
  4 phantasmal warriors
  3 thermic dynamos (Elf:1)
  A golden dragon skeleton (Depths:3)
  A lindwurm (Lair:2)
  26 deep elf pyromancers
  3 cyclopes
  6 necromancers
  23 ugly things
  5 orc sorcerers
  An iron dragon zombie (Hell)
  A faun (shapeshifter) (Depths:3)
  A moth of wrath (Gauntlet)
  4 manticores
  10 black mambas
  10 large abominations
  2 worldbinders
  A salamander (Lair:3)
  An Executioner simulacrum (Pan)
  14 smoke demons
  A centaur zombie (D:15)
  5 elephants
  3 kobold blastminers
  5 apocalypse crabs
  3 rust devils
  7 molten gargoyles
  A water nymph (shapeshifter) (Depths:4)
  3 guardian serpents
  7 ice statues
  A centaur skeleton (D:15)
  5 torpor snails
  Maggie (D:8)
  5 orange demons
  A dire elephant skeleton (Hell)
  A torpor snail (shapeshifter) (Zig:6)
  13 komodo dragons
  13 cane toads
  An unseen horror (D:10)
  5 freezing wraiths
  2 hellions
  A sea snake zombie (Hell)
  A yaktaur (Volcano)
  Psyche (D:8)
  3 tengu conjurers
  A redback zombie (D:15)
  12 ice devils
  An efreet (Abyss:5)
  3 red devils
  3 tormentors (Pan)
  2 ancient zymes (Abyss:5)
  A harpy skeleton (Hell)
  2 hellwings (Pan)
  3 polar bears
  5 trolls
  7 hornets
  A wind drake (Lair:5)
  An alligator simulacrum (Hell)
  A glass eye (Depths:2)
  14 raiju
  A fire giant simulacrum (Depths:3)
  61 saltlings
  A hydra skeleton (Hell)
  17 blink frogs
  18 dream sheep
  5 slime creatures (D:13)
  A small abomination (Abyss:5)
  A shadow (D:10)
  Sigmund (D:2)
  2 centaur simulacra
  4 air elementals
  7 spriggans
  3 vampires (D:12)
  12 water elementals
  3 wyverns
  59 yaks
  22 ynoxinuls
  18 humans (D:13)
  A fire bat (Volcano)
  7 wraiths
  2 hogs (shapeshifter)
  4 fire elementals
  5 golden eyes (Abyss:5)
  27 starcursed masses
  A steam dragon (Lair:5)
  14 chaos spawn
  3 basilisks
  6 wargs
  11 vampire mosquitoes
  6 neqoxecs (Pan)
  2 sea snake simulacra (Hell)
  A harpy simulacrum (Abyss:3)
  2 acid dragons
  7 water moccasins
  4 hell hounds
  A swamp drake (shapeshifter) (Depths:2)
  4 laughing skulls (Abyss:5)
  30 orc warriors
  A meliai simulacrum (D:15)
  An ice beast (D:6)
  4 black bears
  4 ogres
  5 boggarts (D:15)
  6 wolves (Gauntlet)
  15 centaurs
  5 phantoms
  A kobold brigand (D:9)
  A brain worm (Abyss:3)
  20 bullfrogs
  A gnoll sergeant (D:9)
  7 scorpions
  10 wights
  4 troll zombies (D:9)
  18 killer bees
  A bombardier beetle (D:6)
  5 electric eels
  4 howler monkeys
  7 lava snakes
  6 hounds
  6 jellies
  16 orc priests
  18 hell rats (Hell)
  3 iguanas
  23 orc wizards
  4 ogre zombies (D:9)
  Robin (D:2)
  4 gnolls (D:9)
  4 adders
  4 river rats (Sewer)
  6 ufetubi
  5 dart slugs
  2 ribbon worms
  62 orcs
  16 endoplasms
  7 giant cockroaches
  4 gnoll zombies (D:9)
  20 goblins
  7 hobgoblins
  8 jackals (D:1)
  10 kobolds
  10 quokkas
  7 ball pythons
  5 bats
  5 frilled lizards
  4 gnoll skeletons (D:9)
  5 orc skeletons (D:9)
  11 orc zombies (D:9)
  8 rats
  3 lurking horrors (Abyss:5)
  A spectral weapon (Elf:1)
  A starspawn tentacle (Abyss:5)
1672 creatures vanquished.

Vanquished Creatures (collateral kills)
  A pandemonium lord (Pan)
  A golden dragon (Zig:8)
  A tentacled monstrosity (Zig:10)
  An Ice Fiend (Pan)
  2 quicksilver dragons (Zig:8)
  Asterion (Elf:1)
  A walking divine tome (Depths:1)
  A tentacled starspawn (Abyss:5)
  Frances (D:13)
  A fenstrider witch (Zig:10)
  8 daevas (Pan)
  A draconian scorcher (Depths:4)
  5 deep elf sorcerers (Elf:3)
  An imperial myrmidon (Desolation)
  12 angels (Pan)
  5 balrugs (Pan)
  3 cacodemons (Pan)
  A draconian annihilator (Depths:4)
  3 reapers (Pan)
  An orc warlord (Orc:2)
  3 demonspawn blood saints (Pan)
  A demonspawn corrupter (Pan)
  8 ophanim (Pan)
  5 very ugly things
  2 eleionomae
  4 apis (Pan)
  A deep elf death mage (Zig:9)
  A spark wasp (Depths:2)
  A halazid warlock (Desolation)
  2 wendigos (Zig:7)
  A deep elf annihilator (Elf:1)
  A purple draconian (Depths:4)
  7 lorocyprocas (Pan)
  2 ettins (Depths:2)
  A jiangshi (Depths:1)
  A deep elf high priest (Elf:3)
  A green death (Pan)
  A fire dragon (Depths:1)
  A blizzard demon (Pan)
  A ragged hierophant (Desolation)
  A peacekeeper (Desolation)
  2 hydras (Zig:10)
  3 servants of whispers (Desolation)
  A hell beast (Pan)
  3 rakshasas
  A spriggan air mage (Depths:3)
  2 deep troll shamans
  12 dancing weapons
  2 two-headed ogres (Orc:2)
  4 demonic crawlers (Pan)
  A deep troll earth mage (Depths:1)
  A spriggan berserker (Depths:1)
  An orc high priest (Orc:2)
  3 hell knights (Depths:2)
  33 sun demons (Pan)
  4 deep elf knights
  5 soul eaters (Pan)
  4 sixfirhies (Pan)
  5 cherubim (Pan)
  2 flayed ghosts (Zig:9)
  4 deep elf archers
  A goliath frog (Zig:10)
  7 deep trolls
  A large abomination (Abyss:5)
  A swamp dragon (Zig:10)
  An ironbound convoker (Desolation)
  A necromancer (Depths:2)
  2 nameless horrors (Pan)
  4 deep elf zephyrmancers
  An orc knight (Orc:2)
  An ugly thing (Depths:2)
  2 deep elf pyromancers
  4 orc sorcerers (Orc:2)
  3 Executioner simulacra (Pan)
  A smoke demon (Pan)
  A guardian serpent (Desolation)
  3 orange demons (Pan)
  A hellion (Pan)
  An efreet (Pan)
  5 ice devils (Pan)
  A tormentor (Pan)
  A red devil (Pan)
  2 hornets
  A hellwing (Pan)
  3 saltlings (Desolation)
  15 ynoxinuls (Pan)
  2 spriggans
  28 neqoxecs (Pan)
  A fire elemental (Elf:1)
  A warg (Orc:2)
  6 chaos spawn
  4 orc warriors (Orc:2)
  2 ogres (Orc:2)
  A laughing skull (Abyss:5)
  3 starcursed masses (Abyss:5)
  An orc priest (Orc:2)
  2 orc wizards (Orc:2)
  8 orcs
  3 starspawn tentacles (Abyss:5)
316 creatures vanquished.

Vanquished Creatures (others)
  A fire giant (Depths:2)
  A deep elf sorcerer (Elf:3)
  An angel (Pan)
  2 apis (Pan)
  A hydra (Zig:8)
  A dancing weapon (Elf:1)
  A deep elf zephyrmancer (Elf:1)
  5 water elementals
  A steam dragon (Zig:8)
  2 acid dragons (Zig:8)
  Ijyb (D:5)
  2 lurking horrors
  11 spectral weapons
  11 starspawn tentacles (Abyss:5)
41 creatures vanquished.

Grand Total: 2029 creatures vanquished

Notes
Turn   | Place    | Note
-------+----------+-------------------------------------------
     0 | D:1      | MrSquiggles the Gargoyle Fighter began the quest for the
                  | Orb.
     0 | D:1      | Reached XP level 1. HP: 14/14 MP: 1/1
    69 | D:1      | Reached XP level 2. HP: 18/19 MP: 2/2
   435 | D:1      | Reached XP level 3. HP: 15/23 MP: 3/3
  1148 | D:2      | Noticed Sigmund
  1162 | D:2      | Killed Sigmund
  1163 | D:2      | Reached skill level 5 in Long Blades
  1163 | D:2      | Reached XP level 4. HP: 21/28 MP: 4/4
  1163 | D:2      | Reached XP level 5. HP: 24/32 MP: 5/5
  1471 | D:2      | Reached XP level 6. HP: 37/37 MP: 6/6
  1474 | D:2      | Learned a level 2 spell: Blink
  1793 | D:3      | Found a shimmering blue altar of Sif Muna.
  1814 | D:3      | Reached skill level 1 in Translocations
  1980 | D:3      | Found a glowing drain.
  2001 | Sewer    | Entered a sewer
  2237 | Sewer    | Reached skill level 1 in Spellcasting
  2768 | Sewer    | Found a viscous altar of Jiyva.
  2987 | D:3      | Reached XP level 7. HP: 41/41 MP: 8/8
  2990 | D:3      | Noticed Robin
  3027 | D:2      | Killed Robin
  3067 | D:3      | Identified the +8 dagger of the Kissing Gods {spect, rPois
                  | Str-5 Int+5 SInv}
  3109 | D:3      | Found Lawkalest's Magic Scroll Emporium.
  3117 | D:3      | Bought a scroll of identify for 24 gold pieces
  3117 | D:3      | Bought a scroll of teleportation for 36 gold pieces
  3122 | D:3      | Bought a scroll of identify for 24 gold pieces
  3310 | D:3      | Found a faded altar of an unknown god.
  3316 | D:3      | Identified the +0 scale mail "Maivauma" {Rampage rC+ Int+3}
  3545 | D:3      | Bought a scroll of identify for 24 gold pieces
  4126 | D:3      | Bought a scroll of identify for 24 gold pieces
  4126 | D:3      | Bought a scroll of identify for 24 gold pieces
  4126 | D:3      | Bought a scroll of vulnerability for 48 gold pieces
  4151 | D:5      | Entered Level 5 of the Dungeon
  4457 | D:5      | Found a staircase to the Ecumenical Temple.
  4461 | Temple   | Entered the Ecumenical Temple
  4483 | Temple   | Became a worshipper of the Shining One
  4735 | D:5      | Reached XP level 8. HP: 46/46 MP: 11/11
  4779 | D:5      | Noticed Ijyb
  4783 | D:5      | Killed Ijyb
  5368 | D:6      | Reached skill level 5 in Translocations
  5495 | D:6      | Found a snail-covered altar of Cheibriados.
  5518 | D:6      | Reached XP level 9. HP: 33/51 MP: 12/12
  6029 | D:6      | Learned a level 2 spell: Lesser Beckoning
  6145 | D:7      | Found a flagged portal.
  6317 | Bailey   | Entered a bailey
  6431 | Bailey   | Found a large runed translucent door.
  6431 | Bailey   | Found a large runed translucent door.
  6432 | Bailey   | Noticed a deep elf zephyrmancer
  6433 | Bailey   | Noticed an orc knight
  6469 | Bailey   | Killed an orc knight
  6624 | Bailey   | Killed a deep elf zephyrmancer
  6625 | Bailey   | Reached skill level 10 in Long Blades
  6630 | Bailey   | Identified the +1 cloak of the Invisible Hand {rF- Dex+9}
  6634 | Bailey   | Identified the +2 robe of Quantum Leap {Rampage rPois
                  | Str-2}
  6827 | D:7      | Reached * piety under the Shining One
  6915 | D:7      | Reached skill level 1 in Dodging
  6940 | D:7      | Found Giukh's Weapon Emporium.
  6945 | D:7      | Reached XP level 10. HP: 45/56 MP: 13/13
  7105 | D:7      | Found a stormy altar of Qazlal.
  8018 | D:8      | Noticed Psyche
  8064 | D:8      | Killed Psyche
  8241 | D:8      | Reached ** piety under the Shining One
  9273 | D:8      | Noticed Maggie
  9309 | D:8      | Killed Maggie
  9310 | D:8      | Reached XP level 11. HP: 49/60 MP: 12/14
 10406 | D:9      | Reached *** piety under the Shining One
 10563 | D:9      | Noticed a two-headed ogre
 10593 | D:9      | Killed a two-headed ogre
 11302 | D:9      | Found a staircase to the Orcish Mines.
 11450 | D:9      | Reached **** piety under the Shining One
 11850 | D:10     | Entered Level 10 of the Dungeon
 12024 | D:10     | Found a sacrificial altar of Ru.
 12392 | D:10     | Found a radiant altar of Vehumet.
 12392 | D:10     | Found a sparkling altar of Nemelex Xobeh.
 12392 | D:10     | Found a burning altar of Makhleb.
 12394 | D:10     | Found an ornate altar of the Wu Jian Council.
 12394 | D:10     | Found a white marble altar of Elyvilon.
 12394 | D:10     | Found a blossoming altar of Fedhas.
 12397 | D:10     | Found a hazy altar of Hepliaklqana.
 12397 | D:10     | Found a hide-covered altar of Uskayaw.
 12397 | D:10     | Found a bloodstained altar of Trog.
 12839 | D:10     | Found a shadowy altar of Dithmenos.
 12839 | D:10     | Found an iron altar of Okawaru.
 12839 | D:10     | Found a shimmering altar of Xom.
 12928 | D:10     | Found a roughly hewn altar of Beogh.
 13158 | D:11     | Found a staircase to the Lair.
 13175 | D:11     | Reached skill level 5 in Fighting
 13175 | D:11     | Reached skill level 5 in Armour
 13192 | D:11     | Reached XP level 12. HP: 68/68 MP: 15/15
 13272 | Lair:1   | Entered Level 1 of the Lair of Beasts
 13273 | Lair:1   | Noticed a catoblepas
 13309 | Lair:1   | Killed a catoblepas
 13310 | Lair:1   | Reached skill level 5 in Dodging
 13502 | Lair:1   | Noticed a boulder beetle
 13542 | Lair:1   | Killed a boulder beetle
 13707 | Lair:1   | Reached skill level 5 in Invocations
 14630 | Lair:2   | Found a gate leading to a gauntlet.
 14644 | Gauntlet | Entered a Gauntlet
 14644 | Gauntlet | Found a transporter.
 14645 | Gauntlet | Reached ***** piety under the Shining One
 14653 | Gauntlet | Found the +3 pair of gauntlets of War {Slay+5}
 14654 | Gauntlet | Found a transporter.
 14669 | Gauntlet | Found a transporter.
 14673 | Gauntlet | Noticed a wretched star
 14674 | Gauntlet | Found a transporter.
 14689 | Gauntlet | Found a transporter.
 14708 | Gauntlet | Found a transporter.
 14720 | Gauntlet | Found a transporter.
 14732 | Gauntlet | Found a transporter.
 14744 | Gauntlet | Found a transporter.
 14756 | Gauntlet | Found a transporter.
 14756 | Gauntlet | Noticed a ghost crab
 14773 | Gauntlet | Found a transporter.
 14791 | Gauntlet | Found a transporter.
 14793 | Gauntlet | Found a transporter.
 14818 | Gauntlet | Found a transporter.
 14820 | Gauntlet | Found a transporter.
 14840 | Gauntlet | Found a transporter.
 14920 | Gauntlet | Found a transporter.
 14942 | Gauntlet | Found a transporter.
 15236 | Gauntlet | Identified the +0 hat "Idoituff" {rF++}
 15267 | Gauntlet | Identified the +2 quarterstaff "Yhesteyzo" {protect, rF+
                  | Dex+3}
 15267 | Gauntlet | Noticed a minotaur
 15289 | Gauntlet | Killed a minotaur
 15304 | Gauntlet | Identified the ring of the Iron Devil {rC+ Will+}
 15631 | Lair:2   | Noticed a death yak
 15662 | Lair:2   | Killed a death yak
 15891 | Lair:2   | Reached XP level 13. HP: 76/76 MP: 17/17
 16478 | Lair:3   | Found a staircase to the Swamp.
 16492 | Lair:3   | Identified the +5 leather armour of Daffodils {Fly rElec
                  | Int+5}
 16587 | Lair:3   | Found a dark tunnel.
 16784 | Volcano  | Entered a volcano
 16854 | Volcano  | Found a radiant altar of Vehumet.
 16934 | Volcano  | Noticed a red draconian
 16953 | Volcano  | Killed a red draconian
 17284 | Lair:3   | Found a staircase to the Snake Pit.
 18199 | Lair:4   | Found a staircase to the Slime Pits.
 18855 | Lair:5   | Entered Level 5 of the Lair of Beasts
 18961 | Lair:5   | Gained mutation: Your large and strong wings let you fly.
                  | [Gargoyle growth]
 18961 | Lair:5   | Reached XP level 14. HP: 72/86 MP: 18/20
 19195 | Lair:5   | Reached skill level 5 in Shields
 19207 | Lair:5   | Reached skill level 10 in Invocations
 19389 | Lair:5   | Identified the +2 leather armour of Incorporation {Harm
                  | rElec Str+3}
 19696 | Lair:5   | Noticed Posi's ghost (journeyman GnCA)
 19727 | Lair:5   | Reached skill level 1 in Earth Magic
 19767 | Lair:5   | Got the Grimoire of Incandescent Geomancy
 19779 | Lair:5   | Identified the serpent talisman of Cozua {rElec Str+3}
 19970 | Lair:5   | Found a runed translucent gate.
 19970 | Lair:5   | Found a runed translucent gate.
 19970 | Lair:5   | Found a runed translucent gate.
 20116 | Lair:5   | Reached skill level 5 in Earth Magic
 20925 | Lair:5   | Learned a level 1 spell: Sandblast
 20929 | Lair:5   | Learned a level 3 spell: Passwall
 20933 | Lair:5   | Learned a level 3 spell: Stone Arrow
 20939 | Lair:5   | Learned a level 5 spell: Lee's Rapid Deconstruction
 21022 | Lair:5   | Identified the ring of the Five Mystics {rN+ rCorr}
 21208 | Orc:1    | Entered Level 1 of the Orcish Mines
 21405 | Orc:2    | Entered Level 2 of the Orcish Mines
 21405 | Orc:2    | Noticed an orc warlord
 21406 | Orc:2    | Found Imeillah's Antique Weapon Boutique.
 21436 | Orc:2    | Killed an orc warlord
 21451 | Orc:2    | Reached XP level 15. HP: 77/90 MP: 19/24
 21702 | Orc:2    | Reached skill level 5 in Spellcasting
 21711 | Orc:2    | Found Hoefoyf's General Store.
 21720 | Orc:2    | Found a staircase to the Elven Halls.
 21867 | Orc:2    | Found Qamami's Antique Armour Shoppe.
 21928 | Orc:2    | Found a roughly hewn altar of Beogh.
 22075 | Orc:2    | Found Kierr's Jewellery Shoppe.
 22833 | Orc:1    | Reached skill level 10 in Earth Magic
 23139 | Orc:2    | Bought a book of Transmutation for 720 gold pieces
 23139 | Orc:2    | Bought a potion of might for 72 gold pieces
 23139 | Orc:2    | Bought a potion of curing for 54 gold pieces
 23162 | Orc:2    | Learned a level 4 spell: Petrify
 23167 | Orc:2    | Learned a level 4 spell: Leda's Liquefaction
 23446 | D:11     | Noticed Erica
 23454 | D:11     | Killed Erica
 23525 | D:11     | Identified the +7 flail "Fump" {drain, rF+ Int+4}
 23722 | D:11     | Found Asmeg's Armour Emporium.
 24227 | D:12     | Found a runed translucent door.
 24229 | D:12     | Noticed a fire giant
 24230 | D:12     | Noticed a lich
 24230 | D:12     | Noticed inkslinger's ghost (journeyman GnRe)
 24231 | D:12     | Found a runed translucent door.
 24342 | D:12     | Found Seikkoc's Neck Hole.
 24416 | D:12     | Noticed Nergalle
 24431 | D:12     | Killed Nergalle
 25341 | D:13     | Found a gate to the Vaults.
 26456 | D:13     | Noticed Azrael
 26464 | D:13     | Reached ****** piety under the Shining One
 26484 | D:13     | Killed Azrael
 26487 | D:13     | Noticed Frances
 26499 | D:13     | Killed Frances
 26515 | D:13     | Found the amulet of Vitality {Regen++ RegenMP++}
 26772 | D:13     | Reached skill level 1 in Alchemy
 27020 | D:14     | Reached XP level 16. HP: 65/96 MP: 27/27
 27472 | D:14     | Found a transporter.
 27489 | D:14     | Found a transporter.
 27511 | D:14     | Found a transporter.
 27520 | D:14     | Found a transporter.
 27863 | D:15     | Entered Level 15 of the Dungeon
 28902 | D:15     | Reached skill level 10 in Shields
 28962 | D:15     | Found a staircase to the Depths.
 29161 | Elf:1    | Entered Level 1 of the Elven Halls
 29379 | Elf:1    | Found a runed translucent gate.
 29381 | Elf:1    | Found a runed translucent gate.
 29382 | Elf:1    | Found a runed translucent gate.
 29384 | Elf:1    | Noticed Atupnera's ghost (adept OpDe)
 29435 | Elf:1    | Noticed Nikola
 29464 | Elf:1    | Killed Nikola
 29474 | Elf:1    | Noticed Zenata
 29480 | Elf:1    | Noticed Asterion
 29490 | Elf:1    | Noticed an Executioner
 29551 | Elf:1    | Killed Asterion
 29564 | Elf:1    | Identified a +4 eudemon blade of holy wrath (a +2 spectral
                  | demon blade blessed by the Shining One)
 29564 | Elf:1    | Received a gift from the Shining One
 29569 | Elf:1    | Killed Zenata
 30080 | Elf:1    | Noticed Agnes
 30102 | Elf:1    | Killed Agnes
 30193 | Elf:1    | Reached XP level 17. HP: 99/100 MP: 28/28
 30310 | Elf:1    | Got the Disquisition on Attacks
 30717 | Elf:1    | Killed Atupnera's ghost
 30732 | Elf:1    | Identified the +2 pair of boots of Failure {Harm rPois
                  | rCorr Int-4}
 30742 | Elf:1    | Identified the +0 cloak of Life {Int+4 SInv}
 30789 | Elf:2    | Found Ojech's Book Shop.
 30790 | Elf:2    | Found Mous's Book Shop.
 30803 | Elf:2    | Found Ifetuthyrr's Jewellery Shoppe.
 30873 | Elf:2    | Found a crumbling gateway.
 30892 | Desolati | Entered the Desolation of Salt
 30995 | Desolati | Reached skill level 15 in Shields
 31173 | Desolati | Identified the ring of Buoruy {*Slow rC+ Int+2 Dex+3 SInv}
 31478 | Desolati | Reached skill level 10 in Fighting
 31481 | Desolati | Reached skill level 10 in Armour
 31551 | Desolati | Got Feicijenk's Quarto of Predestined Position
 31585 | Desolati | Identified the amulet of Benevolence {Spirit ^Drain rElec
                  | rF+++ rCorr}
 31779 | Desolati | Identified the staff of Slow Death {rElec rC++ Will- Str+8
                  | Int-2 Air}
 31784 | Desolati | Found the amulet of the Four Winds {rN+ Will+++ Clar}
 31793 | Desolati | Identified the ring of Huizolia {rF+ Will- Str+6 Dex+4}
 32514 | Elf:2    | Reached skill level 10 in Dodging
 32516 | Elf:2    | Noticed an Executioner
 32519 | Elf:2    | Reached XP level 18. HP: 108/108 MP: 29/29
 32767 | Elf:2    | Found a huge runed translucent gate.
 32773 | Elf:2    | Found a huge runed translucent gate.
 32773 | Elf:2    | Found a huge runed translucent gate.
 32773 | Elf:2    | Found a huge runed translucent gate.
 32781 | Elf:2    | Found a huge runed translucent gate.
 33699 | Elf:3    | Entered Level 3 of the Elven Halls
 33708 | Elf:3    | Found a flickering gateway to a bazaar.
 33848 | Elf:3    | Noticed Saint Roka
 33869 | Elf:3    | Killed Saint Roka
 34114 | Bazaar   | Entered a bazaar
 34128 | Bazaar   | Found Lianug's Antique Armour Emporium.
 34144 | Bazaar   | Found Zeffaigu's Jewellery Shoppe.
 34159 | Bazaar   | Found Daplawau's Armour Shoppe.
 34175 | Bazaar   | Found Omojun's Armour Emporium.
 34375 | Elf:3    | Noticed a deep elf blademaster
 34382 | Elf:3    | Killed a deep elf blademaster
 34408 | Abyss:3  | Cast into level 3 of the Abyss (a deep elf sorcerer)
 34620 | Abyss:3  | Noticed a hellephant
 34634 | Abyss:3  | Killed a hellephant
 34649 | Abyss:3  | Paralysed by accursed screaming for 1 turns
 34709 | Elf:3    | Escaped the Abyss
 34749 | Elf:3    | Reached XP level 19. HP: 65/118 MP: 30/30
 34766 | Elf:3    | Identified the +1 robe of the Shishi {Rampage rC+ rN+
                  | Str-2}
 34766 | Elf:3    | Identified the ring "Fuecaitot" {AC+4 Int+5 Slay-6}
 34772 | Elf:3    | Was placed under penance by the Shining One
 35501 | Elf:3    | Identified the ring "Xixaev" {Will+ Str+7 SInv}
 35826 | Elf:3    | Identified the +8 mace "Aschim Miomy" {venom, rF+ rC+ SInv}
 35826 | Elf:3    | Identified the ring of Nuock {rF+ rC++ AC+4 Int+3}
 36281 | Elf:3    | Identified the +1 scale mail of Mirth {rN++ Will+ MP+9
                  | Int-4}
 36328 | Elf:3    | Identified the amulet of Jaalink {Faith Rampage SInv}
 36440 | Elf:3    | Paralysed by an air elemental for 1 turns
 36449 | Elf:3    | Paralysed by an air elemental for 1 turns
 36453 | Elf:3    | Paralysed by an air elemental for 1 turns
 36512 | Elf:3    | Got the Commentary on Calling and the Boulder
 36517 | Elf:3    | Identified the staff of the Hurling Ancients {rPois Int+3
                  | Stlth+ Earth Alchemy}
 36520 | Elf:3    | Identified the amulet of Zequbok {Regen+ Dex+5}
 36710 | Elf:3    | Learned a level 1 spell: Apportation
 36715 | Elf:3    | Learned a level 4 spell: Animate Armour
 36718 | Elf:3    | Learned a level 2 spell: Mercury Vapours
 37104 | Depths:1 | Entered Level 1 of the Depths
 37110 | Depths:1 | Found Tybbugus's Distillery.
 37118 | Depths:1 | Bought a potion of resistance for 220 gold pieces
 37217 | Depths:1 | Was forgiven by the Shining One
 37423 | Depths:1 | Found Qeufomown's General Store.
 37512 | Depths:1 | Found a gateway to Hell.
 37585 | Depths:1 | Noticed Ygearrag's ghost (veteran DrBe)
 37666 | Depths:1 | Found a one-way gate to the infinite horrors of the Abyss.
 37716 | Depths:1 | Reached XP level 20. HP: 128/128 MP: 31/31
 37829 | Depths:1 | Found a one-way gate leading to the halls of Pandemonium.
 37836 | Depths:1 | Found a runed translucent gate.
 37836 | Depths:1 | Found a runed translucent gate.
 37836 | Depths:1 | Found a runed translucent gate.
 37854 | Depths:1 | Bought a potion of heal wounds for 70 gold pieces
 37854 | Depths:1 | Bought a potion of heal wounds for 70 gold pieces
 37900 | Depths:1 | Found Rovuhuarph's Jewellery Shoppe.
 38226 | Depths:2 | Reached skill level 15 in Fighting
 38252 | Depths:2 | Reached skill level 15 in Armour
 39173 | Depths:3 | Reached skill level 1 in Conjurations
 39187 | Depths:3 | Reached skill level 1 in Summonings
 39190 | Depths:3 | Reached skill level 2 in Conjurations
 39387 | Depths:3 | Reached skill level 3 in Conjurations
 39513 | Depths:2 | Reached skill level 4 in Conjurations
 39786 | Depths:3 | Found a one-way gateway to a ziggurat.
 39995 | Depths:3 | Reached skill level 5 in Conjurations
 40063 | Depths:3 | Noticed the Enchantress
 40091 | Depths:3 | Reached skill level 6 in Conjurations
 40104 | Depths:3 | Killed the Enchantress
 40493 | Depths:4 | Entered Level 4 of the Depths
 40542 | Depths:4 | Reached skill level 7 in Conjurations
 40576 | Depths:4 | Gained mutation: You occasionally lose the ability to drink
                  | potions when taking damage. [mutagenic glow]
 40587 | Depths:4 | Gained mutation: You are robust. (+10% HP) [mutagenic glow]
 40599 | Depths:4 | Gained mutation: Your magical capacity is low. (-10% MP)
                  | [mutagenic glow]
 40659 | Depths:4 | Reached XP level 21. HP: 122/147 MP: 30/30
 40755 | Depths:4 | Reached skill level 8 in Conjurations
 40793 | Depths:4 | Found a magical portal.
 40804 | WizLab   | Entered Tukima's Studio
 40973 | WizLab   | Reached skill level 5 in Summonings
 40986 | WizLab   | Reached skill level 9 in Conjurations
 41008 | WizLab   | Noticed MrSquiggles's illusion
 41026 | WizLab   | Noticed MrSquiggles's illusion
 41095 | WizLab   | Identified the +1 hat of Midsummer {rC+ Str+2 Int+2 Slay+3}
 41101 | WizLab   | Identified the +0 hat of Mezcal {Will+ Dex+3}
 41120 | WizLab   | Identified the +0 pair of gloves of a bailey {Fly Regen+
                  | Dex+3 Stlth+}
 41332 | Depths:4 | Got the Compendium of Phantasms and the Wind
 41401 | Depths:4 | Reached skill level 10 in Conjurations
 41519 | Depths:4 | Found a gate to the Realm of Zot.
 41672 | Depths:4 | Reached skill level 11 in Conjurations
 41926 | Depths:4 | Learned a level 5 spell: Irradiate
 42194 | D:12     | Killed inkslinger's ghost
 42542 | Lair:5   | Killed Posi's ghost
 42840 | Depths:1 | Reached skill level 12 in Conjurations
 42854 | Depths:1 | Killed Ygearrag's ghost
 43056 | Zig:1    | Entered Level 1 of a ziggurat
 43075 | Zig:2    | Entered Level 2 of a ziggurat
 43109 | Zig:3    | Entered Level 3 of a ziggurat
 43135 | Zig:3    | Identified the +8 arbalest "Venlougugi" {penet, rN+ rCorr}
 43148 | Zig:4    | Entered Level 4 of a ziggurat
 43193 | Zig:5    | Entered Level 5 of a ziggurat
 43194 | Zig:5    | Noticed an ancient lich
 43194 | Zig:5    | Noticed an ancient lich
 43199 | Zig:5    | Killed an ancient lich
 43210 | Zig:5    | Killed an ancient lich
 43211 | Zig:5    | Reached skill level 13 in Conjurations
 43211 | Zig:5    | Reached XP level 22. HP: 44/154 MP: 31/31
 43221 | Zig:5    | Identified the +10 great mace "Vanuitia" {pain, rPois rF++}
 43222 | Zig:5    | Identified the ring "Kaisuc" {rPois rN+ Will- Dex+7 Slay+4}
 43283 | Zig:6    | Entered Level 6 of a ziggurat
 43285 | Zig:6    | Noticed a Killer Klown
 43301 | Zig:6    | Killed a Killer Klown
 43335 | Zig:6    | Found the +8 Vampire's Tooth {megavamp}
 43345 | Zig:6    | Identified the +9 mace of Defence by Offence {antimagic,
                  | *Slow rPois Dex+4}
 43347 | Zig:6    | Got the Incunabulum of Metal and Flame
 43348 | Zig:6    | Identified the +0 flail of Wu Jian's Generosity {venom,
                  | rC+++ rN++ Will+ Int-4}
 43361 | Zig:7    | Entered Level 7 of a ziggurat
 43420 | Zig:8    | Entered Level 8 of a ziggurat
 43427 | Zig:8    | Noticed a golden dragon
 43443 | Zig:8    | Killed a golden dragon
 43492 | Zig:8    | Identified the +5 quarterstaff of Ozuner {antimagic, rCorr
                  | Dex+3}
 43523 | Zig:9    | Entered Level 9 of a ziggurat
 43531 | Zig:9    | Noticed an ancient lich
 43545 | Zig:9    | Killed an ancient lich
 43606 | Zig:9    | Identified the amulet "Axia" {Regen+ Int+4}
 43724 | Zig:9    | Reached XP level 23. HP: 158/158 MP: 32/32
 43729 | Zig:10   | Entered Level 10 of a ziggurat
 43753 | Zig:10   | Reached skill level 14 in Conjurations
 43790 | Zig:10   | Identified the amulet "Tygop" {Harm rElec rF- rC+++
                  | RegenMP+}
 43823 | Zig:10   | Reached skill level 15 in Invocations
 43823 | Zig:10   | Reached XP level 24. HP: 165/165 MP: 32/32
 43826 | Zig:11   | Entered Level 11 of a ziggurat
 43839 | Zig:11   | Noticed Aseeniez the pandemonium lord
 43852 | Abyss:5  | Cast into level 5 of the Abyss (Aseeniez)
 44054 | Abyss:5  | Paralysed by accursed screaming for 1 turns
 44087 | Abyss:5  | Paralysed by accursed screaming for 1 turns
 44349 | Abyss:5  | Found a corrupted altar of Lugonu.
 44522 | Zig:11   | Escaped the Abyss
 44527 | Zig:11   | Found the amulet of the Air {Inacc Air Fly rElec RMsl}
 46773 | Hell     | Entered the Vestibule of Hell
 46773 | Hell     | Noticed Geryon
 46882 | Hell     | Reached skill level 15 in Conjurations
 46952 | Hell     | Reached XP level 25. HP: 170/170 MP: 32/32
 47047 | Hell     | Killed Geryon
 47119 | Hell     | Found a gateway to the decaying netherworld of Tartarus.
 47272 | Hell     | Found a gateway to the ashen valley of Gehenna.
 47337 | Hell     | Found a gateway to the Iron City of Dis.
 47497 | Hell     | Found a gateway to the freezing wastes of Cocytus.
 47649 | Pan      | Entered Pandemonium
 47773 | Pan      | Gained mutation: You have hidden genetic defects. [a
                  | neqoxec]
 47839 | Pan      | Noticed Myacohe the pandemonium lord
 47849 | Pan      | Killed Myacohe the pandemonium lord
 47902 | Pan      | Lost mutation: You occasionally lose the ability to drink
                  | potions when taking damage. [potion of mutation]
 47902 | Pan      | Lost mutation: You have hidden genetic defects. [potion of
                  | mutation]
 47902 | Pan      | Lost mutation: You are robust. (+10% HP) [potion of
                  | mutation]
 47902 | Pan      | Gained mutation: You have hidden genetic potential. [potion
                  | of mutation]
 47902 | Pan      | Lost mutation: Your magical capacity is low. (-10% MP)
                  | [potion of mutation]
 47902 | Pan      | Gained mutation: Your body sometimes deteriorates upon
                  | taking damage. [potion of mutation]
 47904 | Pan      | Noticed Luuhakes the pandemonium lord
 47918 | Pan      | Killed Luuhakes the pandemonium lord
 47919 | Pan      | Reached skill level 10 in Summonings
 48087 | Pan      | Reached skill level 16 in Conjurations
 49958 | Pan      | Reached skill level 17 in Conjurations
 49976 | Pan      | Identified the +9 sling of the Unliving {flame, rElec rPois
                  | Int-5}
 50199 | Pan      | Got a demonic rune of Zot
 50297 | Pan      | Gained mutation: You occasionally lose the ability to read
                  | scrolls when taking damage. [a cacodemon]
 50447 | Pan      | Noticed Yfemugap the pandemonium lord
 50462 | Pan      | Killed Yfemugap the pandemonium lord
 50463 | Pan      | Reached XP level 26. HP: 160/160 MP: 36/36
 50517 | Pan      | Found an exit through the horrors of the Abyss.
 50577 | Pan      | Identified the +7 sling "Ryrynonily" {flame, rPois}
 51183 | Pan      | Reached skill level 18 in Conjurations
 51526 | Pan      | Learned a level 7 spell: Spellforged Servitor
 52032 | Pan      | Gained mutation: You are dopey. (Int -2) [a neqoxec]
 52230 | Pan      | Found an exit through the horrors of the Abyss.
 52702 | Pan      | Found an exit through the horrors of the Abyss.
 52820 | Pan      | Gained mutation: You have great hidden genetic potential.
                  | [hidden potential]
 54155 | Pan      | Found an exit through the horrors of the Abyss.
 54487 | Pan      | Reached skill level 19 in Conjurations
 54833 | Pan      | Found an exit through the horrors of the Abyss.
 55780 | Pan      | Identified the +0 tower shield "Luniuwea" {Rampage Will-
                  | Str-5 Int+5}
 56225 | Pan      | Found a white marble altar of Elyvilon.
 56302 | Pan      | Learned a level 7 spell: Orb of Destruction
 57042 | Pan      | Reached skill level 20 in Conjurations
 57097 | Pan      | Reached skill level 15 in Summonings
 57230 | Pan      | Found a glowing silver altar of Zin.
 57449 | Pan      | Reached XP level 27. HP: 40/166 MP: 36/36
 57455 | Pan      | Reached skill level 10 in Spellcasting
 58283 | Pan      | Noticed a seraph
 58318 | Pan      | HP: 3/168 [angel/+3 sacred scourge of holy wrath (30)]
 58318 | Pan      | Slain by an angel

Illustrated notes

Levels and vault maps discovered:
D:1:      dreamdust_arrival_sigmund_warning, layout_loops_ring,
          skrybe_limestone_x, minmay_pentomino_w2
D:2:      layout_basic, kennysheep_boxes, uniq_sigmund
D:3:      layout_basic, mainiacjoe_overflow_boulevard, gup_sewer_entry_pipe,
          serial_shops, shop, hellmonk_ecumenical_altar_inner_sanctum,
          grunt_decor_arrowhead, uniq_robin
D:4:      layout_cave_pools, corexii_corridor_pit, serial_park_tiny_pond
D:5:      layout_basic, temple_hall_moat, uniq_ijyb
D:6:      layout_loops_cross, cheibriados_altar_1
D:7:      layout_layer_cave, mainiacjoe_overflow_brackets, serial_shops, shop,
          enter_bailey_5
D:8:      layout_basic, uniq_psyche, uniq_maggie
D:9:      layout_basic, zombieorc2_lemuel, evilmike_butchery
D:10:     layout_roguey, mainiacjoe_overflow_small_starburst,
          nicolae_overflows_in_rows, minmay_misc_feat_rugged,
          lightli_church_of_beogh
D:11:     layout_gridville, due_lair_maze_entry_diamond, serial_shops, shop,
          uniq_erica
D:12:     layout_roguey, serial_corexii_hall, chequers_hall_statues_corner_a,
          corexii_hall_statues_i, muffindrake_ghost_dual_entry,
          nicolae_shop_sticking_my_neck_out, uniq_nergalle
D:13:     layout_basic, grunt_vaults_entry_tiered,
          hellmonk_guarded_unrand_vitality_bloodlust, uniq_frances, uniq_azrael
D:14:     layout_cave_pools, kennysheep_pointless_box,
          nicolae_diode_intersection
D:15:     grunt_enter_depths_magical_seal, layout_loops_ring, minivault_4
Temple:   nicolae_temple_bog_church
Lair:1:   layout_hall_layers, chequers_serial_rivers_micro_c
Lair:2:   layout_small_grid, gauntlet_entry_generic,
          grunt_forest_small_clearings, chequers_serial_rivers_small_3,
          st_stairs_5, minmay_holes, nicolae_lair_lindhole
Lair:3:   layout_loops_ring, swamp_mist, nicolae_snake_entry_warm_welcome,
          nicolae_volcano_entry_two_sided, st_stairs_5
Lair:4:   layout_regular_city, dpeg_slime_entry_enclosed
Lair:5:   gammafunk_lair_ancient_temple, layout_regular_city,
          maelrawn_ghost_gauntlet_escape
Orc:1:    layout_caves, nicolae_orc_minecarts
Orc:2:    grunt_orc_gardens, layout_caves, grunt_orc_garden, grunt_orc_garden,
          grunt_orc_garden, grunt_orc_garden, basic_altar, abandoned_shop,
          nicolae_orc_damp_corner, guppyfry_library_mini
Elf:1:    layout_geoelf_diagonals, gammafunk_ghost_split,
          minmay_elf_annihilation, grunt_megastairs_3, uniq_nikola, uniq_zenata,
          uniq_agnes, uniq_asterion
Elf:2:    elven_hall_of_blades_hangedman_alternative
          [nicolae_blade_entry_diamond_columns], layout_loops_corners,
          portal_desolation_entry_nicolae_nacl, minmay_shop_grove
Elf:3:    minmay_elf_hall_four_x, layout_geoelf_grid, serial_shops,
          bzr_entry_dummy, nicolae_elf_variegated_diamond, uniq_saint_roka
Depths:1: layout_cave_pools, serial_rivers, chequers_serial_rivers_micro_e,
          chequers_serial_rivers_micro_b, chequers_serial_rivers_large_b,
          chequers_serial_rivers_room_b, pf_hell_entry_tar_spiral,
          hellmonk_ghost_time_enough, rand_demon_pan_entry_5,
          nicolae_kite_square_tiling_tiny, abyss_entry_small_statue_room,
          serial_shops, shop, kennysheep_mini, kennysheep_little_box,
          chequers_serial_rivers_small_a, lemuel_freeze_loot_1
Depths:2: nicolae_hitomezashi [nicolae_hito_row, nicolae_hito_row,
          nicolae_hito_row, nicolae_hito_row, nicolae_hito_row,
          nicolae_hito_row, nicolae_hito_row, nicolae_hito_row,
          nicolae_hito_row, nicolae_hito_row, nicolae_hito_row,
          nicolae_hito_row, nicolae_hito_row, nicolae_hito_row,
          nicolae_hito_row, nicolae_hito_row, nicolae_hito_row,
          nicolae_hito_row], layout_basic, hell_entry, minmay_strange_pillars,
          rand_demon_pan_entry_9
Depths:3: minmay_inner_zag, layout_cave_pools, enter_ziggurat_a,
          nrook_mini_backslash, hell_entry, abyss_entry, st_stairs_1,
          dreamdust_looks_like_rain, serial_bayou_shore_b,
          infiniplex_staircase_pillars_2, uniq_enchantress
Depths:4: grunt_zot_entry_gee_three, layout_twisted_cross,
          infiniplex_enter_wizlab_spiral, lightli_too_deep
Hell
Pan:      grunt_pan_pentagram, layout_gridlike, nicolae_pan_glass_arcs,
          layout_irregular_city, nicolae_pan_lom_lobonic_3,
          grunt_pan_frozen_over, layout_gridlike, evilmike_mini_pan_layers,
          layout_chambers, evilmike_holy_pan

Skill      XL: |  1  2  3  4  5  6  7  8  9 10 11 12 13 14 15 16 17 18 19 20 21 22 23 24 25 26 27 |
---------------+----------------------------------------------------------------------------------+-----
Long Blades    | 2 3 5 6 8 10 13 14 | 14.0
Translocations | 2 3 5 6 |  6.0
Spellcasting   | 1 2 4 7 8 9 11 | 11.0
Dodging        | 1 2 4 7 9 10 11 12 13 | 13.8
Invocations    | 3 4 6 9 12 14 15 16 18 | 18.0
Fighting       | 5 7 9 10 12 14 15 16 | 16.2
Armour         | 5 7 9 10 12 14 15 | 15.0
Shields        | 5 12 15 | 15.0
Earth Magic    | 7 12 13 | 13.4
Alchemy        | 1 4 |  4.0
Conjurations   | 7 13 14 15 17 20 | 20.0
Summonings     | 4 7 9 12 15 | 15.0

Action                     |  1- 3 |  4- 6 |  7- 9 | 10-12 | 13-15 | 16-18 | 19-21 | 22-24 | 25-27 || total
---------------------------+-------+-------+-------+-------+-------+-------+-------+-------+-------++-------
  Melee: Long sword        |   137 |   239 |    28 |       |       |       |       |       |       ||   404
         Dagger            |       |       |   216 |  1013 |  1180 |    64 |       |       |       ||  2473
         Scimitar          |       |       |       |    44 |    55 |   405 |       |       |       ||   504
         Eudemon blade     |       |       |       |       |       |   828 |  1462 |   634 |  1365 ||  4289
  Throw: Stone             |       |     4 |       |       |       |       |       |       |       ||     4
         Dart              |       |     1 |     5 |    32 |    86 |     9 |    29 |       |     1 ||   163
         Throwing net      |       |       |       |     1 |       |       |       |       |       ||     1
         Javelin           |       |       |       |       |       |     9 |       |       |       ||     9
   Cast: Blink             |       |       |       |     1 |       |     1 |     2 |     3 |       ||     7
         Stone Arrow       |       |       |       |       |     2 |       |       |       |       ||     2
         Petrify           |       |       |       |       |     7 |     5 |     1 |       |       ||    13
         Leda's Liquefacti |       |       |       |       |     1 |       |     1 |       |       ||     2
         Lee's Rapid Decon |       |       |       |       |       |     4 |     5 |       |    18 ||    27
         Lesser Beckoning  |       |       |       |       |       |     1 |     6 |     8 |    10 ||    25
         Animate Armour    |       |       |       |       |       |       |     8 |       |       ||     8
         Mercury Vapours   |       |       |       |       |       |       |     1 |       |       ||     1
         Spellforged Servi |       |       |       |       |       |       |       |       |    33 ||    33
         Orb of Destructio |       |       |       |       |       |       |       |       |     5 ||     5
         Irradiate         |       |       |       |       |       |       |       |       |     1 ||     1
 Invoke: Divine Shield     |       |       |       |     9 |    16 |    10 |    18 |     7 |     8 ||    68
         Summon Divine War |       |       |       |     1 |     2 |     8 |     9 |     5 |    13 ||    38
         Cleansing Flame   |       |       |       |       |       |     7 |     7 |    13 |     9 ||    36
         Brand Weapon With |       |       |       |       |       |     1 |       |       |       ||     1
  Evoke: Wand              |       |       |    11 |     5 |    11 |     5 |    12 |     3 |     3 ||    50
         Phial of floods   |       |       |       |       |     1 |     2 |     1 |       |       ||     4
    Use: Potion            |     1 |     3 |     3 |     7 |     1 |    11 |    14 |     9 |    14 ||    63
         Scroll            |       |       |    19 |     8 |    12 |    15 |     6 |     9 |     6 ||    75
   Stab: Distracted        |       |       |     1 |       |       |       |       |       |       ||     1
 Armour: Scale mail        |   110 |       |       |       |       |       |       |       |       ||   110
         Ring mail         |       |   160 |   133 |    64 |       |       |       |       |       ||   357
         Acid dragon scale |       |       |       |   301 |     9 |       |       |       |       ||   310
         Leather armour    |       |       |       |       |   548 |   662 |   715 |   286 |       ||  2211
         Quicksilver drago |       |       |       |       |       |       |       |   102 |   625 ||   727
  Dodge: Dodged            |    71 |   104 |    61 |   239 |   477 |   546 |   594 |   441 |   414 ||  2947
  Block: Buckler           |    39 |    47 |    49 |   216 |   360 |       |       |       |       ||   711
         Kite shield       |       |       |       |       |    47 |   791 |  1057 |   542 |  1244 ||  3681

Table legend: (Time is in decaauts)
 A = Elapsed time spent in this place.
 B = Non-inter-level travel time spent in this place.
 C = Inter-level travel time spent in this place.
 D = Time resting spent in this place.
 E = Time spent auto-exploring this place.
 F = Levels seen in this place.
 G = Mean time per level.
                   A        B        C        D        E       F      G
               +--------+--------+--------+--------+--------+-----+--------+
         Total |  56020 |  50015 |   6005 |   5651 |  25586 |  56 | 1000.4 |
       Dungeon |  19274 |  15955 |   3319 |   1599 |   9633 |  15 | 1284.9 |
        Temple |     44 |      1 |     43 |      0 |      0 |   1 |   44.0 |
          Lair |   6927 |   6166 |    761 |    622 |   3779 |   5 | 1385.4 |
  Orcish Mines |   2351 |   1943 |    408 |    404 |    862 |   2 | 1175.5 |
   Elven Halls |   5808 |   5158 |    650 |   1455 |   1675 |   3 | 1936.0 |
        Depths |   5074 |   4275 |    799 |    302 |   2178 |   4 | 1268.5 |
          Hell |    713 |    689 |     24 |      5 |    264 |   1 |  713.0 |
         Abyss |    857 |    857 |      0 |     91 |    214 |   2 |  428.5 |
   Pandemonium |  10257 |  10257 |      0 |    605 |   5542 |   5 | 2051.4 |
      Ziggurat |    715 |    715 |      0 |    104 |     84 |  11 |   65.0 |
        Bazaar |     84 |     84 |      0 |      0 |     72 |   1 |   84.0 |
         Sewer |    853 |    853 |      0 |    325 |    195 |   1 |  853.0 |
        Bailey |    330 |    330 |      0 |      7 |     55 |   1 |  330.0 |
       Volcano |    213 |    213 |      0 |      0 |     18 |   1 |  213.0 |
        Wizlab |    317 |    317 |      0 |     15 |     12 |   1 |  317.0 |
    Desolation |   1480 |   1480 |      0 |    115 |    627 |   1 | 1480.0 |
      Gauntlet |    713 |    713 |      0 |      0 |    374 |   1 |  713.0 |
               +--------+--------+--------+--------+--------+-----+--------+

Top non-repeatable levels by time:
   Elf:3: 2707 daAuts
     D:8: 2465 daAuts
    D:13: 2061 daAuts
  Lair:5: 2017 daAuts
   Elf:1: 1798 daAuts
     D:9: 1654 daAuts
    D:10: 1556 daAuts
   Orc:2: 1555 daAuts
Desolation: 1480 daAuts
    D:15: 1473 daAuts
Depths:1: 1413 daAuts
Depths:3: 1389 daAuts
     D:7: 1363 daAuts
  Lair:1: 1350 daAuts
   Elf:2: 1302 daAuts
